 Dungeon Crawl Stone Soup version 0.18.1-48-g4cf74bf (webtiles) character file.

14688 lyrx the Executioner (level 12, -10/132 (135) HPs)
             Began as a Hill Orc Berserker on Aug 25, 2016.
             Was a High Priest of Trog.
             Mangled by a red ugly thing (17 damage)
             ... on level 12 of the Dungeon.
             The game lasted 01:30:10 (10881 turns).

lyrx the Executioner (Hill Orc Berserker)          Turns: 10881, Time: 01:30:11

HP:   -10/132 (135) AC: 14    Str: 30    XL:     12   Next: 19%
MP:   4/4           EV: 11    Int:  7    God:    Trog [*****.]
Gold: 676           SH:  2    Dex: 13    Spells: 0 memorised, 11 levels left

rFire  . . .     SeeInvis +     X - +2 executioner's axe (antimagic)
rCold  + . .     Gourm    .     K - +2 ring mail {rC+}
rNeg   . . .     Faith    .     (shield currently unavailable)
rPois  .         Spirit   .     E - +1 helmet {SInv}
rElec  .         Dismiss  .     N - +1 cloak
rCorr  .         Reflect  +     U - +1 pair of gloves
SustAt +         Harm     .     y - +0 pair of boots
MR     .....                    M - +2 amulet of reflection
Stlth  ..........               v - +3 ring of dexterity
                                F - ring of sustain attributes (curse)

@: berserking, very quick, not resistant to hostile enchantments, extremely
unstealthy
A: hooves 1
a: Berserk, Trog's Hand, Brothers in Arms, Burn Spellbooks, Renounce Religion


You were on level 12 of the Dungeon.
You worshipped Trog.
Trog was extremely pleased with you.
You were not hungry.

You visited 2 branches of the dungeon, and saw 13 of its levels.
You also visited: Sewer.

You collected 676 gold pieces.

Inventory:

Hand Weapons
 o - a +0 war axe
 T - a +0 blowgun
 X - a +2 antimagic executioner's axe (weapon)
Missiles
 g - 45 poisoned needles
 i - 134 arrows
 u - 74 bolts
 R - 4 curare-tipped needles
Armour
 d - a +0 buckler
 s - a +2 leather armour of poison resistance
 y - a +0 pair of boots (worn)
 E - a +1 helmet of see invisible (worn)
 K - a +2 ring mail of cold resistance (worn)
 N - a +1 cloak (worn)
 U - a +1 pair of gloves (worn)
Jewellery
 e - an uncursed ring of see invisible
 m - an uncursed ring of protection from magic
 v - a +3 ring of dexterity (right hand)
 F - a cursed ring of sustain attributes (left hand)
 M - a +2 amulet of reflection (around neck)
Wands
 f - a wand of digging (11/24)
 n - a wand of teleportation (6/9)
 I - a wand of iceblast (10/15)
 J - a wand of lightning (9/15)
 L - a wand of flame (29/48)
 V - a wand of iceblast (10/15)
 W - a wand of iceblast (5/15)
Scrolls
 b - 2 scrolls of blinking
 k - 2 scrolls of remove curse
 p - 8 scrolls of teleportation
 q - 10 scrolls of identify
 x - a scroll of fear
 z - a scroll of enchant weapon
 D - 2 scrolls of magic mapping
 P - a scroll of recharging
Potions
 a - 2 potions of agility
 h - 2 potions of haste
 j - 8 potions of flight
 t - a potion of mutation {unknown}
 w - 2 potions of heal wounds
 C - a potion of curing
 G - 3 potions of cancellation
 Q - a potion of might
Comestibles
 c - 6 bread rations
 r - 3 meat rations
 A - 5 beef jerkies
 B - 5 fruits
 H - 6 chunks of flesh
 O - 7 slices of pizza
 S - a royal jelly


   Skills:
 - Level 3.6 Fighting
 * Level 22.4 Axes
 - Level 2.1 Armour
 - Level 1.5 Dodging


You had 11 spell levels left.
You didn't know any spells.

Dungeon Overview and Level Annotations

Branches:
Dungeon (12/15)            Temple (1/1) D:4            Lair (0/8) D:10
    Orc (0/2) D:11

Altars:
Ashenzari
Cheibriados
Dithmenos
Elyvilon
Fedhas
Gozag
Kikubaaqudgha
Makhleb
Nemelex Xobeh
Okawaru
Pakellas
Qazlal
Ru
Sif Muna
Trog
Vehumet
Xom
Yredelemnul
Zin
The Shining One
Beogh

Shops:
D:6 [   D:8 (%((


Innate Abilities, Weirdness & Mutations

You have large cloven feet.


Message History

You hit the red ugly thing.
The red ugly thing is lightly wounded.
The red ugly thing pecks you.
You are engulfed in flames!
You cut the red ugly thing into ribbons!!!
The red ugly thing is severely wounded.
Your skin stops crawling.
You feel less resistant to hostile enchantments.
The red ugly thing pecks you!
* * * LOW HITPOINT WARNING * * *
You are engulfed in flames!!
* * * LOW HITPOINT WARNING * * *
You are too berserk!
You closely miss the red ugly thing.
The red ugly thing is severely wounded.
You slash the red ugly thing!
The red ugly thing is severely wounded.
The red ugly thing pecks you.
* * * LOW HITPOINT WARNING * * *
You are engulfed in flames!
You die...

###.## ### ..... ...
........... ... #...
....# # #..# #...# #..#
#...# #..# #...#
##########..####..)#####
#.....u@................
#.......................
#.###...................
#..#####.########### #..
#.# #.. #.# #.. #.# #..
#.# #.


You could see a red ugly thing.

Vanquished Creatures
  A hydra (D:11)
  Erolcha (D:12)
  Erica (D:8)
  Sonja (D:10)
  4 hill giants (D:11)
  A manticore (D:11)
  Maurice (D:8)
  A komodo dragon (D:10)
  A troll (D:11)
  Prince Ribbit (D:9)
  4 slime creatures (D:11)
  6 yaks
  The ghost of Lovchig the Shield-Bearer, an amateur DDFi (D:4)
  A wyvern (D:12)
  A human (D:9)
  A basilisk (D:10)
  A steam dragon (D:10)
  Eustachio (D:5)
  5 hippogriffs
  A soldier ant (D:12)
  Duvessa (D:4)
  5 water moccasins
  4 orc warriors
  A necrophage (D:7)
  3 sky beasts
  2 ice beasts
  2 slaves (D:7)
  A black bear (D:6)
  An eye of draining (D:7)
  5 ogres
  A centaur (D:9)
  5 big kobolds
  6 giant frogs
  A wyvern zombie (D:12)
  3 scorpions
  Dowan (D:4)
  4 killer bees (D:9)
  2 wights (D:12)
  A howler monkey (D:6)
  A crimson imp (D:5)
  A giant frog zombie (D:6)
  A quasit (D:5)
  2 centaur zombies
  A jelly (D:8)
  6 orc priests
  4 hounds
  3 giant frog skeletons
  8 iguanas
  9 worker ants
  12 orc wizards
  A killer bee zombie (D:9)
  2 sheep (D:9)
  2 hound skeletons
  A worker ant zombie (D:6)
  23 adders
  4 gnolls (D:6)
  A river rat (D:4)
  2 shadow imps
  9 oozes
  3 adder skeletons
  An adder zombie (D:6)
  3 worms
  A dart slug (D:4)
  5 giant geckos
  34 orcs
  8 giant cockroaches
  10 goblins
  9 hobgoblins
  7 jackals (D:4)
  27 kobolds
  7 quokkas
  4 ball pythons
  13 bats
  A giant gecko skeleton (D:6)
  2 giant newts (D:1)
  2 gnoll zombies (D:6)
  A jackal skeleton (D:4)
  A jackal zombie (D:5)
  15 rats
331 creatures vanquished.

Vanquished Creatures (collateral kills)
  Pikel (D:7)
  An orc warrior (D:6)
  An ogre (D:10)
  A big kobold (D:10)
  An adder (D:10)
  3 orcs
  5 kobolds (D:10)
13 creatures vanquished.

Vanquished Creatures (others)
  An ogre (D:7)
  A worm (D:7)
  A giant gecko (D:7)
  A giant cockroach (D:7)
  A quokka (D:7)
  A plant (D:10)
6 creatures vanquished.

Grand Total: 350 creatures vanquished

Notes
Turn   | Place    | Note
--------------------------------------------------------------
     0 | D:1      | lyrx the Hill Orc Berserker began the quest for the Orb.
     0 | D:1      | Reached XP level 1. HP: 19/19 MP: 1/1
   172 | D:1      | Reached XP level 2. HP: 26/26 MP: 2/2
   362 | D:1      | Reached skill level 5 in Axes
   452 | D:1      | Reached ** piety under Trog
   575 | D:2      | Reached XP level 3. HP: 22/31 MP: 3/3
   589 | D:2      | Found an opulent altar of Gozag.
   785 | D:2      | Found a faded altar to an unknown god.
  1043 | D:2      | Reached skill level 6 in Axes
  1161 | D:2      | Reached XP level 4. HP: 39/39 MP: 4/4
  1539 | D:3      | Found a shadowy altar of Dithmenos.
  1573 | D:3      | Reached skill level 7 in Axes
  1592 | D:3      | Reached *** piety under Trog
  1869 | D:3      | Reached XP level 5. HP: 43/45 MP: 5/5
  2206 | D:3      | Found a shimmering altar of Xom.
  2386 | D:4      | Found a staircase to the Ecumenical Temple.
  2396 | D:4      | Reached skill level 8 in Axes
  2466 | D:4      | Noticed Lovchig's ghost (amateur DDFi)
  2477 | D:4      | Killed Lovchig's ghost
  2477 | D:4      | Reached skill level 9 in Axes
  2477 | D:4      | Reached XP level 6. HP: 51/51 MP: 6/6
  2568 | D:4      | Found a glowing drain.
  2572 | Sewer    | Entered a sewer
  2696 | Sewer    | Reached **** piety under Trog
  2727 | Sewer    | Reached skill level 10 in Axes
  2727 | Sewer    | Reached XP level 7. HP: 45/57 MP: 7/7
  2913 | Sewer    | Reached skill level 11 in Axes
  3138 | D:4      | Found an ancient bone altar of Kikubaaqudgha.
  3374 | D:4      | Noticed Dowan
  3378 | D:4      | Noticed Duvessa
  3382 | D:4      | Killed Dowan
  3382 | D:4      | Reached XP level 8. HP: 64/64 MP: 8/8
  3391 | D:4      | Killed Duvessa
  3391 | D:4      | Reached skill level 12 in Axes
  3494 | D:5      | Entered Level 5 of the Dungeon
  3851 | D:5      | Found a deep blue altar of Sif Muna.
  4014 | D:5      | Reached skill level 13 in Axes
  4076 | D:5      | Reached ***** piety under Trog
  4151 | D:5      | Noticed Eustachio
  4189 | D:5      | Killed Eustachio
  4515 | D:6      | Found Vuoskill's Armour Boutique.
  4580 | D:6      | Reached skill level 14 in Axes
  4736 | D:6      | Reached XP level 9. HP: 70/70 MP: 9/9
  4796 | D:6      | Found a sacrificial altar of Ru.
  4800 | D:6      | Found a stormy altar of Qazlal.
  4802 | D:6      | Found a blossoming altar of Fedhas.
  4882 | D:6      | Got an encrusted mace
  4883 | D:6      | Identified the +7 mace "Ysaufad" {drain, Fragile +Rage +Fly} (You found it on level 6 of the Dungeon)
  5151 | D:6      | Reached skill level 15 in Axes
  5375 | D:6      | Found a basalt altar of Yredelemnul.
  5508 | Temple   | Entered the Ecumenical Temple
  5673 | D:7      | Noticed Pikel
  5691 | D:7      | Killed Pikel
  5766 | D:7      | Gained mutation: You have sharp fingernails. [mutagenic meat]
  5767 | D:7      | Gained mutation: Your magical capacity is low (-10% MP). [mutagenic meat]
  5768 | D:7      | Gained mutation: Your spells are a little harder to cast, but a little more powerful. [mutagenic meat]
  5769 | D:7      | Gained mutation: Your natural rate of healing is unusually fast. [mutagenic meat]
  5851 | D:7      | Reached skill level 16 in Axes
  6042 | D:7      | Found a bloodstained altar of Trog.
  6242 | D:7      | Reached XP level 10. HP: 77/77 MP: 9/9
  6434 | D:7      | Found a snail-covered altar of Cheibriados.
  6560 | D:7      | Reached skill level 17 in Axes
  6621 | D:8      | Found Ikupp's Antique Weapon Shoppe.
  6655 | D:8      | Found Ramm's Weapon Emporium.
  6712 | D:8      | Found a glowing silver altar of Zin.
  6726 | D:8      | Found a white marble altar of Elyvilon.
  6734 | D:8      | Found an iron altar of Okawaru.
  6776 | D:8      | Found a sparkling altar of Nemelex Xobeh.
  6834 | D:8      | Found Zalluth's Weapon Shop.
  6864 | D:8      | Found Nuilotom's Food Boutique.
  7069 | D:8      | Gained mutation: You have large cloven feet. [potion of beneficial mutation]
  7070 | D:8      | Gained mutation: You have hoof-like feet. [potion of beneficial mutation]
  7072 | D:8      | Lost mutation: Your magical capacity is low (-10% MP). [potion of cure mutation]
  7072 | D:8      | Lost mutation: Your spells are a little harder to cast, but a little more powerful. [potion of cure mutation]
  7072 | D:8      | Lost mutation: You have sharp fingernails. [potion of cure mutation]
  7072 | D:8      | Lost mutation: Your natural rate of healing is unusually fast. [potion of cure mutation]
  7072 | D:8      | Lost mutation: You have hoof-like feet. [potion of cure mutation]
  7161 | D:8      | Noticed Erica
  7172 | D:8      | Killed Erica
  7172 | D:8      | Reached skill level 18 in Axes
  7275 | D:8      | Noticed Maurice
  7283 | D:8      | Killed Maurice
  7561 | D:9      | Noticed Prince Ribbit
  7567 | D:9      | Killed Prince Ribbit
  8015 | D:9      | Reached skill level 19 in Axes
  8110 | D:9      | Reached XP level 11. HP: 76/80 MP: 11/11
  8252 | D:10     | Entered Level 10 of the Dungeon
  8383 | D:10     | Noticed Sonja
  8708 | D:10     | Found a staircase to the Lair.
  8921 | D:10     | Killed Sonja
  8921 | D:10     | Reached skill level 20 in Axes
  9073 | D:11     | Received a gift from Trog
  9076 | D:11     | Got a twisted battleaxe {god gift}
  9234 | D:11     | Noticed a hill giant
  9247 | D:11     | Killed a hill giant
  9267 | D:11     | Found a staircase to the Orcish Mines.
  9296 | D:11     | Found a roughly hewn altar of Beogh.
  9356 | D:11     | Identified the +1 battleaxe "Ferejeoloq" {speed, +Fly Str-3 Int+2} (Trog gifted it to you on level 11 of the Dungeon)
  9641 | D:11     | Noticed a hill giant
  9650 | D:11     | Killed a hill giant
  9669 | D:11     | Noticed a hill giant
  9707 | D:11     | Killed a hill giant
  9707 | D:11     | Reached skill level 21 in Axes
  9766 | D:11     | Noticed a hill giant
  9770 | D:11     | Killed a hill giant
  9865 | D:11     | Noticed a seven-headed hydra
  9889 | D:11     | Killed an 18-headed hydra
 10319 | D:11     | Reached XP level 12. HP: 84/88 MP: 12/12
 10569 | D:11     | Reached skill level 22 in Axes
 10685 | D:12     | Noticed Erolcha
 10750 | D:12     | Received a gift from Trog
 10755 | D:12     | Killed Erolcha
 10881 | D:12     | Mangled by a red ugly thing

Skill      XL: |  1  2  3  4  5  6  7  8  9 10 11 12 |
---------------+-------------------------------------+-----
Axes           | 5 6 7 9 10 11 14 16 19 21 22 | 22.4
Fighting       | |  3.6
Armour         | |  2.1
Dodging        | |  1.5

Action                   |  1- 3 |  4- 6 |  7- 9 | 10-12 || total
-------------------------+-------+-------+-------+-------++-------
Melee: Hand axe          |   144 |   198 |   286 |       ||   628
       War axe           |       |       |    25 |       ||    25
       Mace              |       |       |   113 |   306 ||   419
       Battleaxe         |       |       |       |   119 ||   119
       Executioner's axe |       |       |       |    18 ||    18
Invok: Berserk           |     1 |     6 |    18 |    25 ||    50
       Burn Spellbooks   |       |       |     3 |     1 ||     4
       Brothers in Arms  |       |       |     3 |     2 ||     5
       Trog's Hand       |       |       |       |     2 ||     2
  Use: Potion            |       |     3 |     7 |     5 ||    15
       Scroll            |       |     1 |     8 |     4 ||    13
  Eat: Chunk             |     1 |    12 |    28 |    40 ||    81
       Bread ration      |       |       |     1 |       ||     1
       Fruit             |       |       |     1 |     2 ||     3
       Pizza             |       |       |     1 |       ||     1
Armor: Ring mail         |    75 |    22 |       |   133 ||   230
       Animal skin       |     1 |       |       |       ||     1
       Chain mail        |       |    53 |   151 |       ||   204
       Scale mail        |       |     1 |       |       ||     1
       Leather armour    |       |       |    39 |    30 ||    69
Dodge: Dodged            |    78 |    58 |   171 |   184 ||   491
Block: Buckler           |    16 |    24 |    47 |    58 ||   145
       Other             |       |       |       |     6 ||     6
       Reflection        |       |       |       |     3 ||     3
